EL
BIRMINGHAM BARONS @ MONTGOMERY BISCUITS
06/03/2048
 
TOP OF THE 1ST
Birmingham Barons batting - Pitching for Montgomery Biscuits : RHP Miguel Romero
Pitching: RHP Miguel Romero
Batting: LHB Dalton Silveira 0-0: Ball
1-0: Foul Ball, location: 2F
1-1: Ball
2-1: Ball
3-1: Swinging Strike
3-2: Foul Ball, location: 2F
3-2: Strikes out looking
Batting: LHB Larry Myers 0-0: Ball
1-0: Fly out, F8 (Flyball, 8LXD, EV 91.9 MPH)
Batting: SHB Ruben Velasco Jr. 0-0: Ball
1-0: Called Strike
1-1: Swinging Strike
1-2: Foul Ball, location: 2F
1-2: Ball
2-2: Strikes out swinging
Top of the 1st over - 0 runs, 0 hits, 0 errors, 0 left on base; Birmingham 0 - Montgomery 0
BOTTOM OF THE 1ST
Montgomery Biscuits batting - Pitching for Birmingham Barons : RHP Clay Redman
Pitching: RHP Clay Redman
Batting: LHB Darryl Gonnella 0-0: Ball
1-0: Ball
2-0: Foul Ball, location: 2F
2-1: Foul Ball, location: 2F
2-2: Foul Ball, location: 2F
2-2: Ground out 1-3 (Groundball, 13S, EV 70.6 MPH)
Batting: RHB Chris Thorson 0-0: Ball
1-0: Ball
2-0: Ground out 4-3 (Groundball, 34, EV 107.5 MPH)
Batting: RHB Alex Diaz 0-0: Ball
1-0: Ball
2-0: Ball
3-0: Called Strike
3-1: SINGLE (Groundball, 56D, EV 105.6 MPH)
Batting: LHB Eric Toney 0-0: Called Strike
0-1: Ball
1-1: Ball
2-1: Called Strike
2-2: SINGLE (Flyball, 6D, EV 90.6 MPH)
Alex Diaz to second
Runner from 2nd tries for 3rd, SAFE, throw by LF made to third
Batting: RHB James Huddleston 0-0: Called Strike
0-1: Fielders Choice at 2nd, 6-4 (Groundball, 6, EV 103.1 MPH)
Bottom of the 1st over - 0 runs, 2 hits, 0 errors, 2 left on base; Birmingham 0 - Montgomery 0
TOP OF THE 2ND
Birmingham Barons batting - Pitching for Montgomery Biscuits : RHP Miguel Romero
Batting: LHB Ryan Dyal 0-0: DOUBLE (Flyball, 89XD, EV 101.9 MPH)
Batting: LHB Matt Hyde 0-0: Swinging Strike
0-1: Ball
1-1: Ball
2-1: DOUBLE (Line Drive, 7LM, EV 94.4 MPH)
Ryan Dyal scores
Batting: RHB Josiah Wright 0-0: Called Strike
0-1: Foul Ball, location: 2F
0-2: Strikes out swinging
Batting: RHB Mike Savage 0-0: Ground out 6-3 (Groundball, 56, EV 82.5 MPH)
Batting: RHB Ethan McCullough 0-0: Ball
1-0: Foul Ball, location: 2F
1-1: Swinging Strike
1-2: Ball
2-2: Foul Ball, location: 2F
2-2: Strikes out swinging
Top of the 2nd over - 1 run, 2 hits, 0 errors, 1 left on base; Birmingham 1 - Montgomery 0
BOTTOM OF THE 2ND
Montgomery Biscuits batting - Pitching for Birmingham Barons : RHP Clay Redman
Batting: SHB Julio Hernandez 0-0: Called Strike
0-1: Foul Ball, location: 2F
0-2: Ball
1-2: Strikes out looking
Batting: LHB Danny Hull 0-0: Foul Ball, location: 2F
0-1: Ball
1-1: Ball
2-1: Ball
3-1: Foul Ball, location: 2F
3-2: Ground out 4-3 (Groundball, 4M, EV 85.0 MPH)
Batting: RHB Dave Galloway 0-0: Called Strike
0-1: Foul Ball, location: 2F
0-2: Strikes out swinging
Bottom of the 2nd over - 0 runs, 0 hits, 0 errors, 0 left on base; Birmingham 1 - Montgomery 0
TOP OF THE 3RD
Birmingham Barons batting - Pitching for Montgomery Biscuits : RHP Miguel Romero
Batting: RHB John Iddings 0-0: Ball
1-0: SINGLE (Groundball, 56S, EV 75.0 MPH) (infield hit)
Batting: LHB Dalton Silveira 0-0: Ball
1-0: SINGLE (Groundball, 34D, EV 98.8 MPH)
John Iddings to second
Runner from 2nd tries for 3rd, SAFE, throw by RF made to third
Batting: LHB Larry Myers 0-0: SINGLE (Groundball, 34D, EV 98.8 MPH)
John Iddings scores
Dalton Silveira to second
Runner from 2nd tries for 3rd, SAFE, throw by RF made to third
Batting: SHB Ruben Velasco Jr. 0-0: Foul Ball, location: 2F
0-1: Ball
1-1: Ball
2-1: Ball
3-1: Called Strike
3-2: TRIPLE (Flyball, 78XD, EV 89.4 MPH)
Dalton Silveira scores
Larry Myers scores
Batting: LHB Ryan Dyal 0-0: SINGLE (Flyball, 78S, EV 95.6 MPH)
Ruben Velasco Jr. scores
Batting: LHB Matt Hyde 0-0: Grounds into double play, 6-4-3 (Groundball, 6M, EV 83.8 MPH)
Batting: RHB Josiah Wright 0-0: Ball
1-0: Fly out, F9 (Flyball, 89S, EV 95.6 MPH)
Top of the 3rd over - 4 runs, 5 hits, 0 errors, 0 left on base; Birmingham 5 - Montgomery 0
BOTTOM OF THE 3RD
Montgomery Biscuits batting - Pitching for Birmingham Barons : RHP Clay Redman
Batting: RHB Khalil Walker 0-0: Swinging Strike
0-1: DOUBLE (Line Drive, 7LS, EV 95.6 MPH)
Batting: LHB Darryl Gonnella 0-0: Called Strike
0-1: Ball
1-1: Fly out, F9 (Line Drive, 9, EV 85.6 MPH)
Batting: RHB Chris Thorson 0-0: Ground out 5-3 (Groundball, 56, EV 86.2 MPH)
Batting: RHB Alex Diaz 0-0: Called Strike
0-1: Called Strike
0-2: Strikes out looking
Bottom of the 3rd over - 0 runs, 1 hit, 0 errors, 1 left on base; Birmingham 5 - Montgomery 0
TOP OF THE 4TH
Birmingham Barons batting - Pitching for Montgomery Biscuits : RHP Miguel Romero
Batting: RHB Mike Savage 0-0: Called Strike
0-1: Ball
1-1: Called Strike
1-2: Strikes out swinging
Batting: RHB Ethan McCullough 0-0: Foul Ball, location: 2F
0-1: Ball
1-1: Ball
2-1: Called Strike
2-2: Strikes out swinging
Batting: RHB John Iddings 0-0: Ball
1-0: Ground out 5-3 (Groundball, 56S, EV 66.9 MPH)
Top of the 4th over - 0 runs, 0 hits, 0 errors, 0 left on base; Birmingham 5 - Montgomery 0
BOTTOM OF THE 4TH
Montgomery Biscuits batting - Pitching for Birmingham Barons : RHP Clay Redman
Batting: LHB Eric Toney 0-0: Ball
1-0: Foul Ball, location: 2F
1-1: Ball
2-1: Ball
3-1: Fly out, F8 (Flyball, 8LD, EV 88.1 MPH)
Batting: RHB James Huddleston 0-0: Ball
1-0: Ball
2-0: Ball
3-0: Called Strike
3-1: Swinging Strike
3-2: Fly out, F8 (Line Drive, 78M, EV 92.5 MPH)
Batting: SHB Julio Hernandez 0-0: Ball
1-0: Fly out, F5 (Popup, 56S, EV 75.6 MPH)
Bottom of the 4th over - 0 runs, 0 hits, 0 errors, 0 left on base; Birmingham 5 - Montgomery 0
TOP OF THE 5TH
Birmingham Barons batting - Pitching for Montgomery Biscuits : RHP Miguel Romero
Pitching: RHP Melvin Pena
Batting: LHB Dalton Silveira 0-0: Ball
1-0: Ball
2-0: Ball
3-0: Called Strike
3-1: Foul Ball, location: 2F
3-2: Strikes out swinging
Batting: LHB Larry Myers 0-0: Called Strike
0-1: Called Strike
0-2: Foul Ball, location: 2F
0-2: Fly out, F9 (Flyball, 9D, EV 100.0 MPH)
Batting: SHB Ruben Velasco Jr. 0-0: Ball
1-0: Ball
2-0: Called Strike
2-1: Called Strike
2-2: Foul Ball, location: 2F
2-2: Strikes out swinging
Top of the 5th over - 0 runs, 0 hits, 0 errors, 0 left on base; Birmingham 5 - Montgomery 0
BOTTOM OF THE 5TH
Montgomery Biscuits batting - Pitching for Birmingham Barons : RHP Clay Redman
Batting: LHB Danny Hull 0-0: DOUBLE (Line Drive, 7LM, EV 106.9 MPH)
Batting: RHB Dave Galloway 0-0: Called Strike
0-1: Swinging Strike
0-2: Fly out, F7 (Flyball, 7D, EV 101.2 MPH)
Batting: RHB Khalil Walker 0-0: Fly out, F9 (Line Drive, 9, EV 104.4 MPH)
Batting: LHB Darryl Gonnella 0-0: Ball
1-0: Foul Ball, location: 2F
1-1: Called Strike
1-2: Ball
2-2: Foul Ball, location: 2F
2-2: Strikes out swinging
Bottom of the 5th over - 0 runs, 1 hit, 0 errors, 1 left on base; Birmingham 5 - Montgomery 0
TOP OF THE 6TH
Birmingham Barons batting - Pitching for Montgomery Biscuits : RHP Melvin Pena
Batting: LHB Ryan Dyal 0-0: Foul Ball, location: 2F
0-1: Foul Ball, location: 2F
0-2: Strikes out looking
Batting: LHB Matt Hyde 0-0: Fly out, F6 (Line Drive, 6, EV 65.6 MPH)
Batting: RHB Josiah Wright 0-0: Swinging Strike
0-1: Ball
1-1: Foul Ball, location: 2F
1-2: Foul Ball, location: 2F
1-2: Ball
2-2: Strikes out looking
Top of the 6th over - 0 runs, 0 hits, 0 errors, 0 left on base; Birmingham 5 - Montgomery 0
BOTTOM OF THE 6TH
Montgomery Biscuits batting - Pitching for Birmingham Barons : RHP Clay Redman
Batting: RHB Chris Thorson 0-0: Called Strike
0-1: Ball
1-1: Ball
2-1: Foul Ball, location: 2F
2-2: Foul Ball, location: 2F
2-2: Ball
3-2: Strikes out swinging
Batting: RHB Alex Diaz 0-0: Called Strike
0-1: Foul Ball, location: 2F
0-2: Ball
1-2: Ball
2-2: Ball
3-2: Fly out, F7 (Flyball, 78D, EV 93.8 MPH)
Batting: LHB Eric Toney 0-0: Ball
1-0: Ball
2-0: Fly out, F8 (Flyball, 8LM, EV 90.0 MPH)
Bottom of the 6th over - 0 runs, 0 hits, 0 errors, 0 left on base; Birmingham 5 - Montgomery 0
TOP OF THE 7TH
Birmingham Barons batting - Pitching for Montgomery Biscuits : RHP Melvin Pena
Batting: RHB Mike Savage 0-0: Ball
1-0: Called Strike
1-1: Swinging Strike
1-2: Strikes out swinging
Batting: RHB Ethan McCullough 0-0: Called Strike
0-1: Ball
1-1: Ball
2-1: Called Strike
2-2: Strikes out looking
Batting: RHB John Iddings 0-0: Ball
1-0: Called Strike
1-1: Ball
2-1: Foul Ball, location: 2F
2-2: Fly out, F3 (Line Drive, 34, EV 70.6 MPH)
Top of the 7th over - 0 runs, 0 hits, 0 errors, 0 left on base; Birmingham 5 - Montgomery 0
BOTTOM OF THE 7TH
Montgomery Biscuits batting - Pitching for Birmingham Barons : RHP Clay Redman
Pitching: LHP Brennan Duncan
Batting: RHB James Huddleston 0-0: Ball
1-0: Foul Ball, location: 2F
1-1: Called Strike
1-2: Strikes out swinging
Batting: SHB Julio Hernandez 0-0: Foul Ball, location: 2F
0-1: Ball
1-1: Ball
2-1: Fly out, F8 (Flyball, 8RS, EV 92.5 MPH)
Batting: LHB Danny Hull 0-0: Fly out, F4 (Popup, 4MD, EV 55.6 MPH)
Bottom of the 7th over - 0 runs, 0 hits, 0 errors, 0 left on base; Birmingham 5 - Montgomery 0
TOP OF THE 8TH
Birmingham Barons batting - Pitching for Montgomery Biscuits : RHP Melvin Pena
Batting: LHB Dalton Silveira 0-0: Ball
1-0: Ball
2-0: DOUBLE (Line Drive, 8RXD, EV 103.8 MPH)
Batting: LHB Larry Myers 0-0: Swinging Strike
0-1: Foul Ball, location: 2F
0-2: DOUBLE (Flyball, 8RXD, EV 106.9 MPH)
Dalton Silveira scores
Batting: SHB Ruben Velasco Jr. 0-0: Called Strike
0-1: Ball
1-1: Fly out, F4 (Popup, 4MD, EV 71.9 MPH)
Pitching: LHP Chris Polite
Batting: LHB Ryan Dyal 0-0: Ball
1-0: Swinging Strike
1-1: DOUBLE (Flyball, 89XD, EV 111.2 MPH)
Larry Myers scores
Pinch Hitting: RHB David Clark 0-0: Foul Ball, location: 2F
0-1: Called Strike
0-2: Foul Ball, location: 2F
0-2: Ball
1-2: Foul Ball, location: 2F
1-2: Ball
2-2: Ball
3-2: Foul Ball, location: 2F
3-2: SINGLE (Groundball, 6D, EV 97.5 MPH)
Ryan Dyal to third
Runner from 3rd tries for Home, SAFE, throw by CF to home
Batting: RHB Josiah Wright 0-0: Ball
1-0: Ball
2-0: Grounds into double play, 6-4-3 (Groundball, 6, EV 92.5 MPH)
Top of the 8th over - 3 runs, 4 hits, 0 errors, 0 left on base; Birmingham 8 - Montgomery 0
BOTTOM OF THE 8TH
Montgomery Biscuits batting - Pitching for Birmingham Barons : LHP Brennan Duncan
Now at 1B: Justin Stickney
Batting: RHB Dave Galloway 0-0: Fly out, F7 (Flyball, 78D, EV 92.5 MPH)
Batting: RHB Khalil Walker 0-0: Fly out, F5 (Popup, 56S, EV 84.4 MPH)
Batting: LHB Darryl Gonnella 0-0: Ball
1-0: Foul Ball, location: 2F
1-1: Foul Ball, location: 2F
1-2: Ball
2-2: Foul Ball, location: 2F
2-2: Ground out 3-1 (Groundball, 34, EV 100.0 MPH)
Bottom of the 8th over - 0 runs, 0 hits, 0 errors, 0 left on base; Birmingham 8 - Montgomery 0
TOP OF THE 9TH
Birmingham Barons batting - Pitching for Montgomery Biscuits : LHP Chris Polite
Batting: RHB Mike Savage 0-0: Ball
1-0: Ball
2-0: Swinging Strike
2-1: Ball
3-1: Base on Balls
Pinch Hitting: LHB Noel Wilson 0-0: Ball
1-0: Fly out, F9 (Flyball, 89M, EV 89.4 MPH)
Batting: RHB John Iddings 0-0: Called Strike
0-1: Ground out 5-3 (Groundball, 5S, EV 66.2 MPH)
Mike Savage to second
Batting: LHB Dalton Silveira 0-0: Ground out 5-3 (Groundball, 5, EV 82.5 MPH)
Top of the 9th over - 0 runs, 0 hits, 0 errors, 1 left on base; Birmingham 8 - Montgomery 0
BOTTOM OF THE 9TH
Montgomery Biscuits batting - Pitching for Birmingham Barons : LHP Brennan Duncan
Now at C: Noel Wilson
Batting: RHB Chris Thorson 0-0: Ball
1-0: SINGLE (Flyball, 8LS, EV 91.9 MPH)
Pinch Hitting: RHB Dermott Kennelly 0-0: Ball
1-0: Swinging Strike
1-1: Ball
2-1: Fly out, F8 (Flyball, 8RM, EV 96.2 MPH)
Batting: LHB Eric Toney 0-0: Called Strike
0-1: Ball
1-1: Fly out, F7 (Flyball, 78S, EV 82.5 MPH)
Batting: RHB James Huddleston 0-0: Ball
1-0: Called Strike
1-1: Foul Ball, location: 2F
1-2: Strikes out looking
Bottom of the 9th over - 0 runs, 1 hit, 0 errors, 1 left on base; Birmingham 8 - Montgomery 0
Tuesday, March 28th , 2023 - OOTP Baseball 23.10 Build 110